 Dungeon Crawl Stone Soup version 0.28.0-45-g0d030f2227 (webtiles) character file.

Game seed: 10610073253315976127

46 CryoSword the Sneak (level 3, 0/17 HPs)
             Began as a Vine Stalker Enchanter on Apr 1, 2022.
             Succumbed to an adder's poison
             ... on level 2 of the Dungeon.
             The game lasted 00:01:30 (1869 turns).

CryoSword the Sneak (Vine Stalker Enchanter)        Turns: 1869, Time: 00:01:30

Health: 0/17       AC:  2    Str: 10    XL:     3   Next: 66%
Magic:  3/7        EV: 12    Int: 17    God:
Gold:   121        SH:  0    Dex: 14    Spells: 1/6 levels left

rFire   . . .      SeeInvis .   h - +0 whip (elec)
rCold   . . .      Faith    .   (no shield)
rNeg    . . .      Spirit   +   b - +0 robe
rPois   .          Reflect  .   (no helmet)
rElec   .          Harm     .   (no cloak)
rCorr   .          Rampage  .   (no gloves)
Will    .....                   (no boots)
Stlth   +++.......              (no amulet)
HPRegen 0.05/turn               (no ring)
MPRegen 0.10/turn               (no ring)

@: mighty, lethally poisoned (0 -> -1), hasted, very quick
A: fangs 2, magic shield, antimagic bite, no potion heal 2
a: no special abilities


You were on level 2 of the Dungeon.
You visited 1 branch of the dungeon, and saw 2 of its levels.

You collected 121 gold pieces.

Inventory:

Hand Weapons
 h - a +0 whip of electrocution (weapon)
   (You took it off a kobold on level 1 of the Dungeon)
Missiles
 e - 5 poisoned darts (quivered)
Armour
 b - a +0 robe (worn)
Jewellery
 a - a ring of protection from cold
   (You found it on level 1 of the Dungeon)
Scrolls
 d - 2 scrolls of amnesia {unknown}
 f - a scroll of immolation {unknown}
 g - a scroll of vulnerability {unknown}
 k - a scroll of blinking {unknown}
Potions
 c - a potion of invisibility


   Skills:
 + Level 0.5 Fighting
 * Level 1.7 Short Blades
 + Level 1.8 Dodging
 + Level 4.0 Stealth
 + Level 2.4 Spellcasting
 * Level 3.4 Hexes


You had one spell level left.
You knew the following spells:

 Your Spells              Type           Power      Damage    Failure   Level
a - Ensorcelled Hibernat  Hex/Ice        14%        N/A       14%         2
b - Confusing Touch       Hex            13%        N/A       14%         3

Your spell library contained the following spells:

 Spells                   Type           Power      Damage    Failure   Level
 Animate Skeleton         Necr           4%         N/A       19%         1
 Pain                     Necr           8%         1d4       19%         1
 Tukima's Dance           Hex            13%        N/A       14%         3
 Dazzling Flash           Conj/Hex       14%        N/A       26%         3
 Vampiric Draining        Necr           2%         2d6       50%         3


Dungeon Overview and Level Annotations

Branches:
Dungeon (2/15)

Altars:
Fedhas


Innate Abilities, Weirdness & Mutations

You have extremely sharp teeth.
When hurt, damage is shared between your health and your magic reserves.
Your bite disrupts and absorbs the magic of your enemies.
Potions cannot restore your health.


Message History

Okay, then.
Memorise Ensorcelled Hibernation, consuming 2 spell levels and leaving 4?
You start memorising the spell.
You continue memorising. x2
You finish memorising.
Spell assigned to 'a'.
Okay, then.
You hit the rat but do no damage. Your bite misses the rat.
The rat closely misses you.
You hit the rat.
You kill the rat!
No target in view!
This spell is potentially lethal to cast!
Memorise Confusing Touch, consuming 3 spell levels and leaving 1?
You start memorising the spell.
You continue memorising. x3
You finish memorising.
Spell assigned to 'b'.
Found 11 stones.
Found a stone staircase leading down.
A goblin comes into view. It is wielding a +0 dagger.
A goblin is nearby!
A goblin is nearby!
A goblin is nearby!
The helpless goblin fails to defend itself.
You hit the goblin. The goblin misses you.
You closely miss the goblin. Your bite misses the goblin.
The goblin barely misses you.
A goblin is nearby!
You miss the goblin. The goblin hits you but does no damage.
You hit the goblin.
You kill the goblin!
No target in view!
Things that are here:
a +0 dagger; a goblin corpse
Things that are here:
a +0 dagger; a goblin corpse
There is a stone staircase leading up here.
Found a stone staircase leading down.
A frilled lizard comes into view.
A frilled lizard is nearby!
A frilled lizard is nearby!
A frilled lizard is nearby!
The frilled lizard hisses angrily.
You hit the frilled lizard.
You kill the frilled lizard!
No target in view!
No target in view!
A giant cockroach comes into view.
A giant cockroach is nearby!
A giant cockroach is nearby!
The helpless giant cockroach fails to defend itself.
You hit the giant cockroach.
Lightning courses through the giant cockroach!
You kill the giant cockroach!
No target in view!
A ball python comes into view.
A ball python is nearby!
A ball python is nearby!
The helpless ball python fails to defend itself.
You whack the ball python!
You kill the ball python!
Your Stealth skill increases to level 4!
No target in view!
j - a brown potion Could not explore, unopened door.
You open the door.
There is an open door here.
A frilled lizard comes into view.
A frilled lizard is nearby!
A frilled lizard is nearby!
Found 12 gold pieces.
The frilled lizard hisses angrily.
A rat comes into view.
You hit the rat.
You kill the rat!
You barely miss the frilled lizard. Your bite misses the frilled lizard.
The frilled lizard bites you.
You hit the frilled lizard. Your bite misses the frilled lizard.
The frilled lizard barely misses you.
You barely miss the frilled lizard. You bite the frilled lizard.
You kill the frilled lizard!
No target in view!
You pick up a book of Necromancy and begin reading...
You add the spells Pain, Animate Skeleton and Vampiric Draining to your library.
You now have 92 gold pieces (gained 14).
You now have 104 gold pieces (gained 12).
There is an open door here.
A goblin comes into view. It is wielding a +0 dagger.
A goblin is nearby!
A goblin is nearby!
The helpless goblin fails to defend itself.
You hit the goblin. The goblin hits you but does no damage.
You hit the goblin.
You kill the goblin!
You see here 11 stones.
Found a faded altar of an unknown god.
k - a scroll labelled XOUTAO SIGI You now have 121 gold pieces (gained 17).
l - a lumpy ruby potion Could not explore, unopened door.
Could not explore, unopened door.
You open the door.
There is an open door here.
A hobgoblin comes into view.
Found a blossoming altar of Fedhas.
A hobgoblin is nearby!
A hobgoblin is nearby!
Found a brown potion.
You closely miss the hobgoblin. You bite the hobgoblin. You drain its power.
The hobgoblin hits you.
You barely miss the hobgoblin. You bite the hobgoblin.
You kill the hobgoblin!
No target in view!
No target in view!
A kobold comes into view. It is wielding a +0 whip.
A kobold is nearby!
A kobold is nearby!
The kobold shouts!
You see here a hobgoblin corpse.
An adder comes into view.
The adder hisses angrily.
You hit the kobold.
You kill the kobold!
Things that are here:
a +0 whip; a +0 robe The adder bites you.
You are poisoned.
The adder poisons you! The adder bites you.
You are more poisoned.
The adder poisons you!
You see here a brown potion.
Unknown command.
Unknown command.
You closely miss the adder. Your bite misses the adder.
You feel sick. The adder misses you.
You hit the adder. Your bite misses the adder.
You feel sick. The adder bites you.
* * * LOW HITPOINT WARNING * * *
The adder misses you.
You closely miss the adder.
You feel sick. The adder bites you.
* * * LOW HITPOINT WARNING * * *
You miss the adder. Your bite misses the adder.
You feel sick. The adder bites you.
* * * LOW HITPOINT WARNING * * *
It was a potion of haste.
You feel yourself speed up.
* * * LOW HITPOINT WARNING * * *
You feel sick. The adder closely misses you. x2
It was a potion of might.
You feel very mighty all of a sudden.
* * * LOW HITPOINT WARNING * * *
You feel sick. The adder barely misses you.
It was a potion of heal wounds.
That seemed strangely inert.
You die...

###.###.########.
#.....#.# #.
#.....#.# #.
###.....#.# #.
#..†#.###.########.
#...#.###..........
#...#.....#########
#.).#.....'........
#.@.##....###.#####
#.S.##....###.##...
#...#...PP..PP##.##
....#...P.P...##.#
.#....#........##.#
..#....#..⌠.⌠PPP##.#
..
###..#.....P..##.##
... .P#....≈...##...
.≈.#.#..#..#####


You could see an adder.

Vanquished Creatures
  2 adders (D:2)
  An endoplasm (D:1)
  2 giant cockroaches
  4 goblins
  4 hobgoblins
  2 jackals (D:1)
  2 ball pythons
  2 bats
  2 frilled lizards (D:2)
  2 kobolds
  3 rats
26 creatures vanquished.

Vanquished Creatures (others)
  2 fungi (D:2)
  3 plants (D:2)
5 creatures vanquished.

Grand Total: 31 creatures vanquished

Notes
Turn   | Place    | Note
-------+----------+-------------------------------------------
     0 | D:1      | CryoSword the Vine Stalker Enchanter began the quest for
                  | the Orb.
     0 | D:1      | Reached XP level 1. HP: 9/9 MP: 4/4
   101 | D:1      | Reached skill level 1 in Short Blades
   617 | D:1      | Reached XP level 2. HP: 13/13 MP: 6/6
  1229 | D:2      | Reached XP level 3. HP: 11/17 MP: 7/7
  1547 | D:2      | Learned a level 2 spell: Ensorcelled Hibernation
  1554 | D:2      | Learned a level 3 spell: Confusing Touch
  1693 | D:2      | Reached skill level 4 in Stealth
  1821 | D:2      | Found a faded altar of an unknown god.
  1846 | D:2      | Found a blossoming altar of Fedhas.
  1869 | D:2      | Succumbed to an adder's poison

Illustrated notes

Levels and vault maps discovered:
D:1:      lightli_arrival_chessboard, layout_basic,
          chequers_serial_rivers_small_3, minmay_ruptured
D:2:      minmay_wonky_spiral, layout_basic, basic_altar,
          shapermc_ecumenical_altar_mp_ritualfount, kennysheep_generic_room_2

Skill      XL: |  1  2  3 |
---------------+----------+-----
Short Blades   | 1 |  1.7
Stealth        | 4 |  4.0
Fighting       | |  0.5
Dodging        | |  1.8
Spellcasting   | |  2.4
Hexes          | |  3.4

Action                   || total
-------------------------++-------
Melee: Dagger            ||    15
       Whip              ||    66
       Bite              ||    16
       Punch             ||     1
  Use: Potion            ||     3
 Stab: Sleeping          ||     5
Armor: Robe              ||     9
Dodge: Dodged            ||    46
